 Dungeon Crawl Stone Soup version 0.19.0-19-g8c6edcc (webtiles) character file.

5397 Charly the Severer (level 10, -8/141 HPs)
             Began as a Minotaur Berserker on Nov 15, 2016.
             Was a Believer of Trog.
             Mangled by an ogre
             ... wielding a +0 giant club
             ... led by an orc warlord
              (13 damage)
             ... on level 1 of the Orcish Mines.
             The game lasted 00:13:38 (1491 turns).

Charly the Severer (Minotaur Berserker)             Turns: 1491, Time: 00:13:39

Health: -8/141     AC: 12    Str: 27    XL:     10   Next: 40%
Magic:  9/9        EV:  8    Int:  4    God:    Trog [**....]
Gold:   515        SH:  0    Dex: 13    Spells: 0 memorised, 9 levels left

rFire  . . .     SeeInvis .     a - +0 battleaxe
rCold  . . .     Gourm    .     q - +0 plate armour
rNeg   . . .     Faith    .     (shield currently unavailable)
rPois  .         Spirit   .     (helmet restricted)
rElec  .         Reflect  .     (no cloak)
rCorr  .         Harm     .     h - +0 pair of gloves
MR     ++...                    (no boots)
Stlth  ..........               (no amulet)
                                (no ring)
                                (no ring)

@: berserking, starving, regenerating, very quick
A: retaliatory headbutt, horns 2
a: Berserk, Trog's Hand, Burn Spellbooks, Renounce Religion


You were on level 1 of the Orcish Mines.
You worshipped Trog.
Trog was pleased with you.
You were starving.

You visited 2 branches of the dungeon, and saw 14 of its levels.

You collected 580 gold pieces.
You spent 65 gold pieces at shops.

Inventory:

Hand Weapons
 a - a +0 battleaxe (weapon)
Missiles
 o - 2 throwing nets (quivered)
Armour
 h - a +0 pair of gloves (worn)
 q - a +0 plate armour (worn)
Jewellery
 m - an uncursed ring of teleportation
Wands
 r - a wand of paralysis (2/24)
Scrolls
 e - a scroll of remove curse
Potions
 j - a potion of flight {unknown}
 s - a potion of berserk rage {unknown}
Comestibles
 b - 6 chunks of flesh
 c - 2 bread rations
 l - a fruit


   Skills:
 + Level 10.3 Fighting
 * Level 15.3 Axes
 - Level 2.4 Armour
 - Level 2.1 Dodging


You had 9 spell levels left.
You didn't know any spells.

Dungeon Overview and Level Annotations

Branches:
Dungeon (12/15)            Temple (0/1) D:6            Lair (0/6) D:9
    Orc (2/2) D:9
    Elf: Orc:2

Altars:
Okawaru

Shops:
D:7 !


Innate Abilities, Weirdness & Mutations

You reflexively headbutt those who attack you in melee.
You have a pair of horns on your head.


Message History

Your Fighting skill increases to level 10!
Your Axes skill increases to level 15!
You hit the cyclops but do no damage. You barely miss the ogre.
You closely miss the orc warrior. The orc hits you but does no damage.
The orc warrior closely misses you. You furiously retaliate!
You headbutt the orc warrior. The cyclops hits you!
* * * LOW HITPOINT WARNING * * *
Unknown command.
You slice the cyclops!!
The cyclops is almost dead.
You hit the ogre. You closely miss the orc warrior.
Your plate armour prevents you from hitting the orc sorcerer.
You slice the orc!!
You kill the orc!
Trog accepts your kill. The orc hits you but does no damage.
The orc warrior hits you from afar with a halberd!!
* * * LOW HITPOINT WARNING * * *
The ogre hits you with a giant club!
You die...

###...........(........#...
#..............>.......# #
#######...................#.##
≈≈≈...#.....................##
≈≈≈...#†÷....................#
≈≈≈...#.†#..................##
≈≈≈...'.#.......oo4.........#
≈≈≈...####.##..Oooo..........#
≈≈≈...# ###....@)o4)....#..##
≈≈≈...# ##.##.C.#......###
####### ###..o..#......#
#......#.....##
###.....###..### #.....###
#### #.....## ##.#.## ####


You could see a cyclops, a hellwing, a chaos spawn, an orc sorcerer, 2 orc
warriors, an ogre, an orc priest and 3 orcs.

Vanquished Creatures
  An orc warlord (Orc:1)
  A troll (Orc:1)
  The ghost of ThermosAquaticus the Chopper, an amateur FoFi (D:4)
  A hippogriff (D:9)
  A wyvern (D:8)
  5 wargs (Orc:1)
  2 sky beasts
  An ice beast (D:12)
  3 orc warriors
  4 ogres
  5 wolves (Orc:1)
  A centaur (D:7)
  A big kobold (D:11)
  A bullfrog (D:9)
  A wyvern zombie (D:9)
  19 killer bees (D:11)
  A jelly (D:8)
  A hound (D:10)
  A centaur skeleton (D:10)
  3 orc priests
  3 orc wizards
  A bullfrog skeleton (D:7)
  An iguana (D:5)
  A worker ant (D:11)
  2 adders
  An adder zombie (D:7)
  A dart slug (D:3)
  32 orcs
  3 giant cockroaches (D:4)
  A bat (D:2)
  2 frilled lizards (D:4)
  2 goblins
  7 kobolds
111 creatures vanquished.

Notes
Turn   | Place    | Note
-------+----------+-------------------------------------------
     0 | D:1      | Charly the Minotaur Berserker began the quest for the Orb.
     0 | D:1      | Reached XP level 1. HP: 19/19 MP: 0/0
   155 | D:2      | Found an iron altar of Okawaru.
   194 | D:3      | Reached skill level 4 in Axes
   206 | D:3      | Reached XP level 2. HP: 19/26 MP: 1/1
   227 | D:4      | Noticed an ogre
   234 | D:4      | Killed an ogre
   234 | D:4      | Reached skill level 6 in Axes
   234 | D:4      | Reached XP level 3. HP: 31/31 MP: 2/2
   234 | D:4      | Reached XP level 4. HP: 39/39 MP: 3/3
   238 | D:4      | Noticed ThermosAquaticus's ghost (amateur FoFi)
   244 | D:5      | Entered Level 5 of the Dungeon
   290 | D:4      | Killed ThermosAquaticus's ghost
   290 | D:4      | Reached skill level 8 in Axes
   290 | D:4      | Reached XP level 5. HP: 12/45 MP: 4/4
   290 | D:4      | Reached XP level 6. HP: 14/51 MP: 5/5
   437 | D:6      | Found a staircase to the Ecumenical Temple.
   439 | D:6      | Noticed a sky beast
   446 | D:6      | Killed a sky beast
   454 | D:6      | Gained mutation: Your body sometimes deteriorates upon taking damage. [mutagenic meat]
   455 | D:6      | Gained mutation: You are occasionally teleported next to monsters. [mutagenic meat]
   456 | D:6      | Gained mutation: Your flesh is heat resistant. (rF+) [mutagenic meat]
   457 | D:6      | Gained mutation: You tend to lose your temper in combat. [mutagenic meat]
   458 | D:6      | Lost mutation: Your body sometimes deteriorates upon taking damage. [mutagenic meat]
   493 | D:7      | Reached skill level 9 in Axes
   508 | D:8      | Noticed a wyvern
   514 | D:8      | Killed a wyvern
   514 | D:8      | Reached XP level 7. HP: 60/60 MP: 6/6
   542 | D:7      | Found Gaugyiq's Distillery.
   550 | D:7      | Reached skill level 5 in Fighting
   564 | D:7      | Bought a potion of heal wounds for 65 gold pieces
   585 | D:10     | Entered Level 10 of the Dungeon
   701 | D:11     | Reached skill level 10 in Axes
   705 | D:11     | Reached ** piety under Trog
   707 | D:11     | Reached XP level 8. HP: 52/70 MP: 7/7
   859 | D:11     | Noticed a queen bee
   860 | D:11     | Reached skill level 11 in Axes
   878 | D:11     | Reached skill level 12 in Axes
  1073 | D:10     | Reached XP level 9. HP: 22/79 MP: 8/8
  1133 | D:9      | Lost mutation: You tend to lose your temper in combat. [potion of cure mutation]
  1133 | D:9      | Lost mutation: Your flesh is heat resistant. (rF+) [potion of cure mutation]
  1133 | D:9      | Lost mutation: You are occasionally teleported next to monsters. [potion of cure mutation]
  1171 | D:9      | Found a staircase to the Orcish Mines.
  1213 | D:9      | Reached skill level 13 in Axes
  1217 | D:9      | Reached *** piety under Trog
  1248 | Orc:1    | Entered Level 1 of the Orcish Mines
  1255 | Orc:1    | Noticed a troll
  1267 | Orc:1    | Killed a troll
  1319 | Orc:1    | Reached skill level 14 in Axes
  1320 | Orc:1    | HP: 3/124 [wolf (6)]
  1419 | Orc:1    | Noticed a cyclops
  1457 | Orc:2    | Entered Level 2 of the Orcish Mines
  1461 | Orc:1    | Noticed an orc warlord
  1480 | Orc:1    | Noticed an orc sorcerer
  1485 | Orc:1    | Reached XP level 10. HP: 91/91 MP: 9/9
  1490 | Orc:1    | Killed an orc warlord
  1490 | Orc:1    | Reached skill level 10 in Fighting
  1490 | Orc:1    | Reached skill level 15 in Axes
  1491 | Orc:1    | HP: 5/141 [orc warrior/halberd[an orc warlord] (27)]
  1491 | Orc:1    | Mangled by an ogre

Skill      XL: |  1  2  3  4  5  6  7  8  9 10 |
---------------+-------------------------------+-----
Axes           | 4 6 8 9 10 12 14 15 | 15.3
Fighting       | 4 5 7 9 10 | 10.3
Armour         | |  2.4
Dodging        | |  2.1

Action                   |  1- 3 |  4- 6 |  7- 9 | 10-12 || total
-------------------------+-------+-------+-------+-------++-------
Melee: Hand axe          |    15 |    36 |    27 |       ||    78
       Headbutt          |     4 |     7 |    30 |       ||    41
       War axe           |       |       |    93 |       ||    93
       Battleaxe         |       |       |    35 |     6 ||    41
Throw: Throwing net      |       |       |     1 |       ||     1
Invok: Berserk           |     1 |     5 |     7 |       ||    13
       Burn Spellbooks   |       |       |     1 |       ||     1
       Trog's Hand       |       |       |    10 |       ||    10
Evoke: Wand              |       |       |     3 |       ||     3
  Use: Scroll            |       |       |     7 |       ||     7
       Potion            |       |       |     2 |       ||     2
 Stab: Paralysed         |       |       |     3 |     5 ||     8
  Eat: Chunk             |       |     6 |     8 |       ||    14
       Royal jelly       |       |     1 |       |       ||     1
       Pizza             |       |       |     2 |       ||     2
       Beef jerky        |       |       |     1 |       ||     1
Armor: Ring mail         |     2 |     7 |     6 |       ||    15
       Animal skin       |     1 |       |       |       ||     1
       Plate armour      |       |       |    92 |     2 ||    94
Dodge: Dodged            |     9 |     8 |    77 |     7 ||   101
